 Seeded DCSS version 0.28-a0-1555-g9ae15a6949 (webtiles) character file.

Game seed: 10 (custom seed)

8 knot the Skirmisher (level 2, 19/24 HPs)
             Began as a Demonspawn Berserker on Jan 19, 2022.
             Was a Follower of Trog.
             Quit the game on level 1 of the Dungeon.
             The game lasted 00:00:33 (957 turns).

knot the Skirmisher (Demonspawn Berserker)           Turns: 957, Time: 00:00:33

Health: 19/24      AC:  2    Str: 17    XL:     2   Next: 0%
Magic:  2/2        EV: 12    Int:  8    God:    Trog [*.....]
Gold:   25         SH:  4    Dex: 12    Spells: 1/1 levels left

rFire   . . .      SeeInvis .   a - +0 hand axe
rCold   . . .      Faith    .   (no shield)
rNeg    . . .      Spirit   .   b - +0 animal skin
rPois   .          Reflect  .   (no helmet)
rElec   .          Harm     .   (no cloak)
rCorr   .          Rampage  .   (no gloves)
Will    .....                   (no boots)
Stlth   +.........              (no amulet)
HPRegen 0.08/turn               (no ring)
MPRegen 0.08/turn               (no ring)

@: no status effects
A: condensation shield
a: Renounce Religion, Berserk


You were on level 1 of the Dungeon.
You worshipped Trog.
Trog was aware of your devotion.
You visited 1 branch of the dungeon, and saw 1 of its levels.

You collected 25 gold pieces.

Inventory:

Hand Weapons
 a - a +0 hand axe (weapon)
Missiles
 c - 17 stones (quivered)
 e - 11 arrows
Armour
 b - a +0 animal skin (worn)
Scrolls
 d - a scroll of enchant armour {unknown}
 f - a scroll of identify {unknown}


   Skills:
 + Level 3.1 Fighting
 + Level 2.8 Axes
 + Level 2.0 Armour
 + Level 2.0 Dodging


You had one spell level left.
You didn't know any spells.
Your spell library was empty.

Dungeon Overview and Level Annotations

Branches:
Dungeon (1/15)

Altars:


Innate Abilities, Weirdness & Mutations

A meltable shield of frost defends you. (SH +4)


Message History

No target in view!
You now have 10 gold pieces.
Found a Trismegistus Codex.
No target in view!
No target in view!
No target in view!
No target in view!
You see here a Trismegistus Codex.
A goblin comes into view. It is wielding a +0 club.
The goblin shouts!
A goblin is nearby!
The goblin closely misses you.
You completely miss the goblin. The goblin hits you with a +0 club.
You barely miss the goblin. The goblin barely misses you.
You barely miss the goblin. The goblin hits you with a +0 club.
You barely miss the goblin. The goblin hits you but does no damage.
You slash the goblin!
You kill the goblin!
Trog accepts your kill.
No target in view!
No target in view!
No target in view!
HP restored.
Things that are here:
a +0 club; a goblin corpse You now have 25 gold pieces (gained 15).
An endoplasm comes into view.
An endoplasm is nearby!
The endoplasm jiggles.
The endoplasm freezes you.
You are frozen.
You slash the endoplasm!
You kill the endoplasm!
Trog accepts your kill.
Your Armour skill increases to level 2!
Your Dodging skill increases to level 2!
You have reached level 2!
Your demonic ancestry asserts itself...
Frost condenses into a shield before you.
Are you sure you want to abandon this character and quit the game? (Confirm with "yes".)

#####
###############...#
.............##...######
................@.......
.............##...######
.............##...#
.............##...#
.............######
#####........# #
#........# # ##########


There were no monsters in sight!

Vanquished Creatures
  A ball python (D:1)
  2 endoplasms (D:1)
  2 goblins (D:1)
  2 frilled lizards (D:1)
7 creatures vanquished.

Notes
Turn   | Place    | Note
-------+----------+-------------------------------------------
     0 | D:1      | knot the Demonspawn Berserker began the quest for the Orb.
     0 | D:1      | Reached XP level 1. HP: 18/18 MP: 1/1
   957 | D:1      | Gained mutation: A meltable shield of frost defends you.
                  | (SH +4) [demonic ancestry]
   957 | D:1      | Reached XP level 2. HP: 19/24 MP: 2/2
   957 | D:1      | Quit the game

Illustrated notes

Levels and vault maps discovered:
D:1:      dpeg_arrival_snail, layout_basic

Skill      XL: |  1 |
---------------+----+-----
Armour         | 2 |  2.0
Dodging        | 2 |  2.0
Fighting       | |  3.1
Axes           | |  2.8

Action                   || total
-------------------------++-------
Melee: Hand axe          ||    25
       Punch             ||     1
Invok: Berserk           ||     2
Armor: Animal skin       ||     3
Dodge: Dodged            ||    10

Table legend: (Time is in decaauts)
 A = Elapsed time spent in this place.
 B = Non-inter-level travel time spent in this place.
 C = Inter-level travel time spent in this place.
 D = Time resting spent in this place.
 E = Time spent auto-exploring this place.
 F = Levels seen in this place.
 G = Mean time per level.
                   A        B        C        D        E       F      G
               +--------+--------+--------+--------+--------+-----+--------+
         Total |    983 |    983 |      0 |    630 |    295 |   1 |  983.0 |
       Dungeon |    983 |    983 |      0 |    630 |    295 |   1 |  983.0 |
               +--------+--------+--------+--------+--------+-----+--------+

Top non-repeatable levels by time:
     D:1: 983 daAuts
